 Dungeon Crawl Stone Soup version 0.31-a0-182-gc5ef74bbde (webtiles) character file.

Game seed: 4175600551338252599

38 lunkers the Ruffian (level 3, 0/29 (31) HPs)
             Began as a Meteoran Fighter on June 21, 2023.
             Slain by a goblin
             ... wielding a +0 club
             ... led by Robin
              (2 damage)
             ... on level 2 of the Dungeon.
             The game lasted 00:01:24 (571 turns).

lunkers the Ruffian (Meteoran Fighter)               Turns: 571, Time: 00:01:24

HP:   0/29 (31)     AC:  6    Str: 19    XL:     3   Next: 91%
MP:   4/4           EV:  9    Int: 10    God:
Gold: 116           SH:  5    Dex: 13    Spells: 2/2 levels left

rFire   . .          .
                       - Unarmed
rCold   . . .        b - +0 buckler
rNeg    . . .        a - +0 scale mail
rPois   .            (no helmet)
rElec   .            (no cloak)
rCorr   .            (no gloves)
SInv    .            (no boots)
Will    .....        k - amulet of magic regeneration Stlth
                     (no ring)
HPRegen 0.24/turn    (no ring)
MPRegen 0.49/turn

%: no passive effects
@: glowing, drained
A: sense surroundings 1, otherworldly, glowing, explore regen
a: no special abilities


You were on level 2 of the Dungeon.
You visited 1 branch of the dungeon, and saw 2 of its levels.

You collected 116 gold pieces.

Inventory:

Armour
 a - a +0 scale mail (worn)
 b - a +0 buckler (worn)
Jewellery
 h - a ring of fire
 k - an amulet of magic regeneration (around neck)
Scrolls
 d - a scroll of fear {unknown}
 e - a scroll of enchant armour {unknown}
 f - 2 scrolls of identify {unknown}
 i - a scroll of poison {unknown}
 l - a scroll of blinking {unknown}
 m - a scroll of enchant weapon {unknown}
 n - a scroll of teleportation {unknown}
Potions
 c - a potion of might
 g - a potion of curing {unknown}
 j - a potion of degeneration {unknown}
 o - a potion of attraction {unknown}
 p - a potion of berserk rage {unknown}
 q - a potion of resistance {unknown}


   Skills:
 - Level 3.2 Fighting
 - Level 3.6 Armour
 - Level 3.6 Shields
 + Level 4.5 Unarmed Combat


You had 2 spell levels left.
You didn't know any spells.
Your spell library was empty.

Dungeon Overview and Level Annotations

Branches:
Dungeon (2/15) Zot: 630

Altars:

Annotations:
D:2 Robin


Innate Abilities, Weirdness & Mutations

You passively map a small area around you.
You are easily found by Zot.
You glow in the dark.
You regain HP and MP as you explore.


Message History

You kill the kobold!
The goblin closely misses you. Robin throws the goblin at you!
You closely miss the goblin.
The goblin hits you but does no damage. x3
Robin roars a battlecry!
The goblins go into a battle-frenzy!
You punch the goblin!
You kill the goblin!
The goblin hits you but does no damage. x2
You closely miss the goblin. You block the goblin's attack.
You hit the goblin.
The goblin is heavily wounded.
The goblin hits you with a +0 club. The goblin completely misses you.
You closely miss the goblin.
The goblin is heavily wounded.
The goblin hits you with a +0 club. You block the goblin's attack.
Robin throws the goblin at you! The goblin hits you with a +0 club.
You hit the goblin.
You kill the goblin!
You hit the goblin.
The goblin is heavily wounded.
The goblin hits you with a +0 club.
* * * LOW HITPOINT WARNING * * *
The goblin closely misses you. Robin throws the goblin at you!
* * * LOW HITPOINT WARNING * * *
The goblin hits you with a +0 club.
* * * LOW HITPOINT WARNING * * *
You aren't carrying any items that you can evoke.
Unknown command.
You hit the goblin.
The goblin is moderately wounded.
You block the goblin's attack. The goblin barely misses you.
The goblin hits you with a +0 club.
* * * LOW HITPOINT WARNING * * *
You block the goblin's attack.
You hit the goblin.
The goblin is heavily wounded.
The goblin hits you with a +0 club.
* * * LOW HITPOINT WARNING * * *
The goblin barely misses you. The goblin hits you with a +0 club.
You die...

##.....##.....##
##..............##
#................#
#................#
#................#
#................#
#................#
##gg..............#
#g@g........[....#.
###g##.....##........
###gg.############.##..
*#.ggb## #..#.. #..#.g#
###.... *#.#.#.#
###......
#....#..#########...####.
..$.#.#g.gg........###
*.. ,##.##.#g..gg..######
..


You could see Robin, 3 hobgoblins, 6 goblins and a bat.

Vanquished Creatures
  An adder (D:2)
  2 bats (D:2)
  3 endoplasms (D:1)
  6 goblins
  2 hobgoblins
  2 kobolds
  2 quokkas
  3 ball pythons
  2 frilled lizards
  2 rats
25 creatures vanquished.

Notes
Turn   | Place    | Note
-------+----------+-------------------------------------------
     0 | D:1      | lunkers the Meteoran Fighter began the quest for the Orb.
     0 | D:1      | Reached XP level 1. HP: 19/19 MP: 2/2
    97 | D:1      | Reached skill level 3 in Unarmed Combat
    97 | D:1      | Reached XP level 2. HP: 26/26 MP: 3/3
   482 | D:2      | Reached XP level 3. HP: 27/31 MP: 4/4
   493 | D:2      | Reached skill level 4 in Unarmed Combat
   548 | D:2      | Noticed Robin
   571 | D:2      | Slain by a goblin

Illustrated notes

Levels and vault maps discovered:
D:1:      sevenhm_arrival_forest_fort_small_6, layout_loops_ring
D:2:      layout_rooms, minmay_cut_off, uniq_robin

Skill      XL: |  1  2  3 |
---------------+----------+-----
Unarmed Combat | 3 4 |  4.5
Fighting       | |  3.2
Armour         | |  3.6
Shields        | |  3.6

Action                     || total
---------------------------++-------
  Melee: Unarmed           ||    78
 Armour: Scale mail        ||    51
  Dodge: Dodged            ||    31
  Block: Buckler           ||    25

Table legend: (Time is in decaauts)
 A = Elapsed time spent in this place.
 B = Non-inter-level travel time spent in this place.
 C = Inter-level travel time spent in this place.
 D = Time resting spent in this place.
 E = Time spent auto-exploring this place.
 F = Levels seen in this place.
 G = Mean time per level.
                   A        B        C        D        E       F      G
               +--------+--------+--------+--------+--------+-----+--------+
         Total |    568 |    568 |      0 |      0 |    353 |   2 |  284.0 |
       Dungeon |    568 |    568 |      0 |      0 |    353 |   2 |  284.0 |
               +--------+--------+--------+--------+--------+-----+--------+

Top non-repeatable levels by time:
     D:1: 359 daAuts
     D:2: 208 daAuts
